PAA
SUN PRAIRIE SWALLOWS @ YAKIMA HOPS
06/10/2025
 
TOP OF THE 1ST
Sun Prairie Swallows batting - Pitching for Yakima Hops : LHP Jorge Cruz
Pitching: LHP Jorge Cruz
Batting: RHB José Silva 0-0: Called Strike
0-1: Ball
1-1: Ball
2-1: SINGLE (Groundball, 34S) (infield hit)
Batting: RHB Ghislain Vespucci 0-0: Swinging Strike
0-1: Called Strike
0-2: Ball
1-2: Strikes out swinging
Batting: LHB Jorge Borbón 0-0: Foul Ball, location: 2F
0-1: Ball
1-1: Called Strike
1-2: Foul Ball, location: 2F
1-2: Foul Ball, location: 2F
1-2: Foul Ball, location: 2F
1-2: Ball
2-2: Fly out, F8 (Flyball, 8RM)
Batting: RHB Luis Hernández 0-0: Foul Ball, location: 2F
0-1: Ball
1-1: SINGLE (Line Drive, 89M)
José Silva to second
José Silva to third
Batting: LHB Carlos Garza 0-0: Ball
1-0: Fielders Choice at 2nd, 5-4 (Groundball, 56)
Top of the 1st over - 0 run(s), 2 hit(s), 0 error(s), 1 left on base; Sun Prairie 0 - Yakima 0
BOTTOM OF THE 1ST
Yakima Hops batting - Pitching for Sun Prairie Swallows : RHP Bob Payne
Pitching: RHP Bob Payne
Batting: RHB Júlio Molina 0-0: Ball
1-0: Fly out, F4 (Flyball, 34D)
Batting: SHB Orlando Villa 0-0: Ground out 6-3 (Groundball, 6)
Batting: RHB Jock Semple 0-0: Ball
1-0: Foul Ball, location: 2F
1-1: Ball
2-1: Foul Ball, location: 2F
2-2: Foul Ball, location: 2F
2-2: Foul Ball, location: 2F
2-2: SINGLE (Flyball, 89S)
Batting: RHB Joe Phillips 0-0: Ball
1-0: Called Strike
1-1: Foul Ball, location: 2F
1-2: Foul Ball, location: 2F
1-2: Strikes out swinging
Bottom of the 1st over - 0 run(s), 1 hit(s), 0 error(s), 1 left on base; Sun Prairie 0 - Yakima 0
TOP OF THE 2ND
Sun Prairie Swallows batting - Pitching for Yakima Hops : LHP Jorge Cruz
Batting: RHB José Sánchez 0-0: Called Strike
0-1: Ball
1-1: Called Strike
1-2: Strikes out swinging
Batting: RHB Alfonso López 0-0: Called Strike
0-1: Ball
1-1: Ball
2-1: Ball
3-1: Base on Balls
Batting: RHB Dan Hart 0-0: Ball
1-0: Foul Ball, location: 2F
1-1: Ball
2-1: Swinging Strike
2-2: Strikes out swinging
Batting: RHB Darby Carveth 0-0: Ball
Alfonso López steals 2nd base
1-0: Ball
2-0: Ball
Wild Pitch!
Alfonso López to third
3-0: Base on Balls
Batting: RHB José Silva 0-0: Called Strike
0-1: SINGLE (Line Drive, 3D)
Alfonso López scores
Darby Carveth to second
Batting: RHB Ghislain Vespucci 0-0: Called Strike
0-1: Ball
1-1: Ball
2-1: SINGLE (Groundball, 4MD)
Darby Carveth to third
José Silva to second
Runner from 3rd tries for Home, SAFE, no throw
Batting: LHB Jorge Borbón 0-0: Ball
1-0: Foul Ball, location: 2F
1-1: Ground out 2-3 (Groundball, 2L)
Top of the 2nd over - 2 run(s), 2 hit(s), 0 error(s), 2 left on base; Sun Prairie 2 - Yakima 0
BOTTOM OF THE 2ND
Yakima Hops batting - Pitching for Sun Prairie Swallows : RHP Bob Payne
Batting: SHB Luis Luquín 0-0: Called Strike
0-1: Swinging Strike
0-2: Foul Ball, location: 2F
0-2: Ball
1-2: Ball
2-2: Foul Ball, location: 2F
2-2: SINGLE (Groundball, 13) (infield hit)
Batting: LHB César Nieves 0-0: Grounds into double play, 4-6-3 (Groundball, 4)
Batting: SHB Esteban Lugo 0-0: Ground out 6-3 (Groundball, 6S)
Bottom of the 2nd over - 0 run(s), 1 hit(s), 0 error(s), 0 left on base; Sun Prairie 2 - Yakima 0
TOP OF THE 3RD
Sun Prairie Swallows batting - Pitching for Yakima Hops : LHP Jorge Cruz
Batting: RHB Luis Hernández 0-0: Ground out 6-3 (Groundball, 6)
Batting: LHB Carlos Garza 0-0: Called Strike
0-1: Foul Ball, location: 2F
0-2: Strikes out looking
Batting: RHB José Sánchez 0-0: Ball
1-0: Ball
2-0: Ground out 6-3 (Groundball, 6)
Top of the 3rd over - 0 run(s), 0 hit(s), 0 error(s), 0 left on base; Sun Prairie 2 - Yakima 0
BOTTOM OF THE 3RD
Yakima Hops batting - Pitching for Sun Prairie Swallows : RHP Bob Payne
Batting: RHB Lenny Roper 0-0: Foul Ball, location: 2F
0-1: Swinging Strike
0-2: Ball
1-2: Foul Ball, location: 2F
1-2: Strikes out swinging
Batting: SHB Domingo Luna 0-0: Ball
1-0: Swinging Strike
1-1: Ball
2-1: SINGLE (Groundball, 6MD)
Batting: RHB Júlio Molina 0-0: Called Strike
0-1: Ball
1-1: Ball
2-1: SINGLE (Groundball, 3) (infield hit)
Domingo Luna to second
Batting: SHB Orlando Villa 0-0: Ball
1-0: Ball
Wild Pitch!
Domingo Luna to third
Júlio Molina to second
2-0: Called Strike
2-1: Swinging Strike
2-2: Foul Ball, location: 2F
2-2: SINGLE (Groundball, 6D)
Domingo Luna scores
Júlio Molina to third
Throwing error, E7
Júlio Molina scores
Orlando Villa to second
Batting: RHB Jock Semple 0-0: Ground out 6-3 (Groundball, 6)
Batting: RHB Joe Phillips 0-0: Called Strike
0-1: Swinging Strike
0-2: Strikes out looking
Bottom of the 3rd over - 2 run(s), 3 hit(s), 1 error(s), 1 left on base; Sun Prairie 2 - Yakima 2
TOP OF THE 4TH
Sun Prairie Swallows batting - Pitching for Yakima Hops : LHP Jorge Cruz
Batting: RHB Alfonso López 0-0: Fly out, F8 (Line Drive, 89M)
Batting: RHB Dan Hart 0-0: Ball
1-0: Called Strike
1-1: Ball
2-1: Ball
3-1: Base on Balls
Batting: RHB Darby Carveth 0-0: Ball
1-0: Called Strike
1-1: Ball
2-1: Ball
3-1: SINGLE (Groundball, 4D)
Dan Hart to second
Runner from 2nd tries for 3rd, SAFE, throw made to third
Batting: RHB José Silva 0-0: Called Strike
0-1: SINGLE (Groundball, 4MD)
Dan Hart scores
Darby Carveth to second
Batting: RHB Ghislain Vespucci 0-0: Ball
1-0: Called Strike
1-1: Foul Ball, location: 2F
1-2: Ball
2-2: Strikes out looking
Batting: LHB Jorge Borbón 0-0: Ball
1-0: Called Strike
1-1: Foul Ball, location: 2F
1-2: Ball
2-2: Foul Ball, location: 2F
2-2: Fielders Choice at 2nd, 6-4 (Groundball, 6)
Top of the 4th over - 1 run(s), 2 hit(s), 0 error(s), 1 left on base; Sun Prairie 3 - Yakima 2
BOTTOM OF THE 4TH
Yakima Hops batting - Pitching for Sun Prairie Swallows : RHP Bob Payne
Batting: SHB Luis Luquín 0-0: Called Strike
0-1: Ball
1-1: Ground out 4-3 (Groundball, 4)
Batting: LHB César Nieves 0-0: Ball
1-0: Foul Ball, location: 2F
1-1: Fly out, F5 (Popup, 5S)
Batting: SHB Esteban Lugo 0-0: Ground out 4-3 (Groundball, 4)
Bottom of the 4th over - 0 run(s), 0 hit(s), 0 error(s), 0 left on base; Sun Prairie 3 - Yakima 2
TOP OF THE 5TH
Sun Prairie Swallows batting - Pitching for Yakima Hops : LHP Jorge Cruz
Batting: RHB Luis Hernández 0-0: Ball
1-0: Called Strike
1-1: Ball
2-1: Fly out, F8 (Line Drive, 8LM)
Batting: LHB Carlos Garza 0-0: Called Strike
0-1: Ball
1-1: Ball
2-1: Called Strike
2-2: Strikes out swinging
Batting: RHB José Sánchez 0-0: Called Strike
0-1: SINGLE (Groundball, 34D)
Batting: RHB Alfonso López 0-0: Called Strike
0-1: Single, Error in OF, E9, batter to second base
José Sánchez to third
Batting: RHB Dan Hart 0-0: Ball
1-0: Foul Ball, location: 2F
1-1: Ground out 5-3 (Groundball, 56)
Top of the 5th over - 0 run(s), 2 hit(s), 1 error(s), 2 left on base; Sun Prairie 3 - Yakima 2
BOTTOM OF THE 5TH
Yakima Hops batting - Pitching for Sun Prairie Swallows : RHP Bob Payne
Batting: RHB Lenny Roper 0-0: Foul Ball, location: 2F
0-1: Foul Ball, location: 2F
0-2: Strikes out swinging
Batting: SHB Domingo Luna 0-0: Called Strike
0-1: Fly out, F6 (Line Drive, 6)
Batting: RHB Júlio Molina 0-0: Ball
1-0: Ground out 1-3 (Groundball, 13)
Bottom of the 5th over - 0 run(s), 0 hit(s), 0 error(s), 0 left on base; Sun Prairie 3 - Yakima 2
TOP OF THE 6TH
Sun Prairie Swallows batting - Pitching for Yakima Hops : LHP Jorge Cruz
Batting: RHB Darby Carveth 0-0: Ball
1-0: Ball
2-0: Ball
3-0: Base on Balls
Batting: RHB José Silva 0-0: Ball
1-0: Bunted foul
1-1: Bunt missed!
1-2: Grounds into double play, 4-6-3 (Groundball, 4)
Batting: RHB Ghislain Vespucci 0-0: Ball
1-0: SINGLE (Groundball, 6D)
Pitching: LHP Cristo Perales
Batting: LHB Jorge Borbón 0-0: Called Strike
0-1: Foul Ball, location: 2F
0-2: Ball
1-2: Strikes out looking
Top of the 6th over - 0 run(s), 1 hit(s), 0 error(s), 1 left on base; Sun Prairie 3 - Yakima 2
BOTTOM OF THE 6TH
Yakima Hops batting - Pitching for Sun Prairie Swallows : RHP Bob Payne
Batting: SHB Orlando Villa 0-0: Called Strike
0-1: Fly out, F4 (Popup, 4D)
Batting: RHB Jock Semple 0-0: SINGLE (Line Drive, 89S)
Batting: RHB Joe Phillips 0-0: Called Strike
0-1: Fly out, F8 (Flyball, 8RM)
Batting: SHB Luis Luquín 0-0: SINGLE (Groundball, 34D)
Jock Semple to second
Runner from 2nd tries for 3rd, SAFE, throw made to third
Batting: LHB César Nieves 0-0: Ball
1-0: Called Strike
1-1: Foul Ball, location: 2F
1-2: Foul Ball, location: 2F
1-2: Strikes out swinging
Bottom of the 6th over - 0 run(s), 2 hit(s), 0 error(s), 2 left on base; Sun Prairie 3 - Yakima 2
TOP OF THE 7TH
Sun Prairie Swallows batting - Pitching for Yakima Hops : LHP Cristo Perales
Batting: RHB Luis Hernández 0-0: Ball
1-0: Called Strike
1-1: Ball
2-1: Ball
3-1: Base on Balls
Batting: LHB Carlos Garza 0-0: Ball
1-0: Grounds into double play, 6-4-3 (Groundball, 6)
Batting: RHB José Sánchez 0-0: Swinging Strike
0-1: Ball
1-1: Fly out, F3 (Flyball, 3D)
Top of the 7th over - 0 run(s), 0 hit(s), 0 error(s), 0 left on base; Sun Prairie 3 - Yakima 2
BOTTOM OF THE 7TH
Yakima Hops batting - Pitching for Sun Prairie Swallows : RHP Bob Payne
Batting: SHB Esteban Lugo 0-0: Ball
1-0: Ball
2-0: Ball
3-0: Called Strike
3-1: Ground out 3-1 (Groundball, 34S)
Batting: RHB Lenny Roper 0-0: Called Strike
0-1: Foul Ball, location: 2F
0-2: Ball
1-2: Strikes out looking
Batting: SHB Domingo Luna 0-0: Fly out, F8 (Line Drive, 8RM)
Bottom of the 7th over - 0 run(s), 0 hit(s), 0 error(s), 0 left on base; Sun Prairie 3 - Yakima 2
TOP OF THE 8TH
Sun Prairie Swallows batting - Pitching for Yakima Hops : LHP Cristo Perales
Batting: RHB Alfonso López 0-0: Called Strike
0-1: Foul Ball, location: 2F
0-2: Strikes out swinging
Batting: RHB Dan Hart 0-0: Ground out 4-3 (Groundball, 4)
Batting: RHB Darby Carveth 0-0: SINGLE (Groundball, 34D)
Batting: RHB José Silva 0-0: Foul Ball, location: 2F
0-1: Fielders Choice at 2nd, 6-4 (Groundball, 6)
Top of the 8th over - 0 run(s), 1 hit(s), 0 error(s), 0 left on base; Sun Prairie 3 - Yakima 2
BOTTOM OF THE 8TH
Yakima Hops batting - Pitching for Sun Prairie Swallows : RHP Bob Payne
Pitching: RHP Il-gyung Kim
Batting: RHB Júlio Molina 0-0: Fly out, F7 (Flyball, 7S)
Pitching: RHP Horacio Pérez
Batting: SHB Orlando Villa 0-0: Called Strike
0-1: Foul Ball, location: 2F
0-2: Strikes out swinging passed ball, reaches first!
Pitching: RHP Roelof van den Hoek
Batting: RHB Jock Semple 0-0: Called Strike
0-1: Fly out, F8 (Flyball, 8LXD)
Batting: RHB Joe Phillips 0-0: Ball
1-0: Foul Ball, location: 2F
1-1: Ball
2-1: Called Strike
2-2: Ball
3-2: SINGLE (Groundball, 34D)
Orlando Villa to second
Orlando Villa to third
Pitching: LHP Yvan Benincasa
Pinch Hitting: RHB Mariano Sánchez 0-0: Foul Ball, location: 2F
0-1: Ball
1-1: Called Strike
1-2: Strikes out swinging
Bottom of the 8th over - 0 run(s), 1 hit(s), 0 error(s), 2 left on base; Sun Prairie 3 - Yakima 2
TOP OF THE 9TH
Sun Prairie Swallows batting - Pitching for Yakima Hops : LHP Cristo Perales
Now at SS: Juan García
Batting: RHB Ghislain Vespucci 0-0: Ball
1-0: Ball
2-0: Foul Ball, location: 2F
2-1: Swinging Strike
2-2: Ground out 4-3 (Groundball, 4)
Batting: LHB Jorge Borbón 0-0: Ball
1-0: SINGLE (Line Drive, 9LM)
Batting: RHB Luis Hernández 0-0: Grounds into double play, 5-4-3 (Groundball, 56)
Top of the 9th over - 0 run(s), 1 hit(s), 0 error(s), 0 left on base; Sun Prairie 3 - Yakima 2
BOTTOM OF THE 9TH
Yakima Hops batting - Pitching for Sun Prairie Swallows : LHP Yvan Benincasa
Pitching: RHP Josh Parker
Batting: LHB César Nieves 0-0: Swinging Strike
0-1: Called Strike
0-2: Ball
1-2: Ball
2-2: Ground out 6-3 (Groundball, 6)
Batting: SHB Esteban Lugo 0-0: Swinging Strike
0-1: Ball
1-1: Called Strike
1-2: Foul Ball, location: 2F
1-2: Ball
2-2: Ball
3-2: Fly out, F2 (Popup, 13S)
Batting: RHB Lenny Roper 0-0: Ball
1-0: Ball
2-0: Called Strike
2-1: Swinging Strike
2-2: Strikes out looking
Bottom of the 9th over - 0 run(s), 0 hit(s), 0 error(s), 0 left on base; Sun Prairie 3 - Yakima 2
Friday, December 30th, 2016 - OOTP Baseball 17.12 Build 75